 Dungeon Crawl Stone Soup version 0.17.1-2-g5865329 (webtiles) character file.

61279 JustSomeDude the Blocker (level 14, -3/110 HPs)
             Began as a Demonspawn Gladiator on Jan 21, 2016.
             Slain by a spriggan rider
             ... wielding a +2 falchion of flaming
              (6 damage)
             ... on level 8 of the Lair of Beasts on Jan 22, 2016.
             The game lasted 01:48:45 (24605 turns).

JustSomeDude the Blocker (Demonspawn Gladiator)    Turns: 24605, Time: 01:48:46

Health: -3/110     AC: 20    Str: 25    XL:     14   Next: 60%
Magic:  20/20      EV: 12    Int: 11    God:
Gold:   1451       SH: 21    Dex: 14    Spells: 1 memorised, 12 levels left

rFire  . . .     SeeInvis .     o - +9 broad axe "Ocywnem" {freeze, *Drain +Inv rN+ Int+2}
rCold  + + .     Clarity  .     p - +1 ice dragon armour
rNeg   + . .     SustAt   .     n - +2 large shield
rPois  .         Gourm    .     (helmet unavailable)
rElec  .         Spirit   .     x - +0 cloak
rCorr  +         Warding  .     (no gloves)
rMut   .         Stasis   .     A - +0 pair of boots
MR     ++...                    i - amulet of resist corrosion
Stlth  +.........               (no ring)
                                w - ring of protection from magic

@: mighty, very resistant to hostile enchantments, very unstealthy
A: horns 3, rough black scales 1, fire resistance 1, powered by pain 2, spiny 1
a: Evoke Invisibility


You were on level 8 of the Lair of Beasts.
You were not hungry.

You visited 4 branches of the dungeon, and saw 21 of its levels.
You visited the Abyss 1 time.
You also visited: Labyrinth.

You collected 1511 gold pieces.
You spent 60 gold pieces at shops.

Inventory:

Hand Weapons
 o - the +9 broad axe "Ocywnem" (weapon) {freeze, *Drain +Inv rN+ Int+2}
   (You found it on level 8 of the Dungeon)

   It has been specially enchanted to freeze those struck by it, causing extra
   injury to most foes and up to half again as much damage against particularly
   susceptible opponents.
   It can also slow down cold-blooded creatures.
   It affects your intelligence (+2).
   It protects you from negative energy.
   It lets you turn invisible.
   It causes draining when unequipped.
 V - the +8 quarterstaff of Utodazeu {venom, rPois rC++ Str+4 Dex+4}
   (You found it on level 9 of the Dungeon)

   It poisons the flesh of those it strikes.
   It affects your strength (+4).
   It affects your dexterity (+4).
   It greatly protects you from cold.
   It protects you from poison.
Missiles
 k - 3 javelins (quivered)
 F - 21 tomahawks
Armour
 n - a +2 large shield (worn)
 p - a +1 ice dragon armour (worn)
 x - a +0 cloak (worn)
 A - a +0 pair of boots (worn)
 G - the +3 fire dragon armour "Teeloqav" {rF++ rC- rN+ MR+ rCorr Dex+4}
   (You found it on level 3 of the Lair of Beasts)

   It affects your dexterity (+4).
   It greatly protects you from fire.
   It makes you vulnerable to cold.
   It protects you from negative energy.
   It affects your resistance to hostile enchantments.
   It protects you from acid and corrosion.
Rods
 I - a +4 rod of shadows (10/10)
   (You took it off a minotaur in a labyrinth)
Jewellery
 i - an amulet of resist corrosion (around neck)
 w - a ring of protection from magic (left hand)
 E - an uncursed ring of fire
Wands
 b - a wand of fireball (3)
 l - a wand of lightning (7)
 m - a wand of slowing (20)
 q - a wand of disintegration (15)
 H - a wand of confusion (25)
 K - a wand of teleportation (4)
 N - a wand of fire (7)
 O - a wand of paralysis (13)
 P - a wand of magic darts (20)
 R - a wand of draining (3)
 U - a wand of polymorph (10)
Scrolls
 h - 6 scrolls of identify
 s - 13 scrolls of remove curse
 t - 4 scrolls of enchant weapon
 y - 2 scrolls of recharging
 C - a scroll of magic mapping
Potions
 c - a potion of brilliance
 L - a potion of cancellation
 M - 4 potions of flight
 S - 2 potions of mutation
Books
 X - a book of the Dragon

   Spells                             Type                      Level
   a - Flame Tongue                   Conjuration/Fire             1
   b - Cause Fear                     Hexes                        4
   c - Bolt of Fire                   Conjuration/Fire             6
   d - Dragon Form                    Transmutation                7
   e - Dragon's Call                  Summoning                    9
Miscellaneous
 g - a phial of floods (inert)
 u - a fan of gales (inert)
 z - a disc of storms
 Q - a lamp of fire (inert)
 Y - a disc of storms
 Z - a lantern of shadows
Comestibles
 a - a chunk of flesh
 d - a slice of pizza
 e - 11 bread rations
 f - 7 meat rations
 r - 8 fruits


   Skills:
 + Level 10.0 Fighting
 * Level 6.2(8.6) Axes
   Level 9.2(10.0) Polearms
 + Level 3.3 Throwing
 + Level 9.5 Armour
 + Level 8.7 Dodging
 + Level 2.5 Stealth
 + Level 12.6 Shields
 * Level 4.0 Spellcasting
 * Level 4.3 Summonings
 * Level 4.5 Evocations


You had 12 spell levels left.
You knew the following spells:

 Your Spells              Type           Power        Failure   Level  Hunger
a - Dragon's Call         Summ           ##........   100%        9    #######


Dungeon Overview and Level Annotations

Branches:
Dungeon (11/15)            Temple (0/1) D:5            Lair (8/8) D:11
 Shoals (1/4) Lair:6       Spider (0/4) Lair:5        Slime (1/6) Lair:6
    Orc: D:9-12

Altars:
Cheibriados
Elyvilon
Makhleb
Ru
Zin

Shops:
D:6 !   D:11 :

Annotations:
D:6 1 runed door


Innate Abilities, Weirdness & Mutations

You have a pair of large horns on your head.
You are partially covered in rough black scales (AC +4, Dex -1).
Your flesh is heat resistant.
You sometimes gain power by taking damage.
You are partially covered in sharp spines.


Message History

The plant is severely damaged.
You hit the plant but do no damage. You headbutt the plant.
The plant is severely damaged.
You slash the plant! You freeze the plant.
The plant is almost destroyed.
The spriggan rider evokes its ring.
The spriggan rider flickers and vanishes!
You chop the plant into pieces!!! You freeze the plant!
You destroy the plant!
You slash the plant! You freeze the plant.
You destroy the plant!
You slash the plant! You freeze the plant.
The plant is almost destroyed.
You block its attack.
You slice the plant!! You freeze the plant.
You destroy the plant!
You slash something! You freeze something. Something hits you!
* * * LOW HITPOINT WARNING * * *
Something burns you.
You die...

........P###.......
............P...............
............................
#..........................
.P..................P.......
P..............<.....P......
#..#P............#...P......
## ##.....#...P..##...†..#..
...##.P##@....)#....†..#..
..##..PP#.......#.........
#.. #.P.P##....P#.....P....
.. ..iPP. .P..PP...PP..#P..
.#.PPP .......P.PP..##...
.P. .PP........PPP.##...
.........PP.PP#.....
P.......[...PP.P...
.............P...♣


There were no monsters in sight!

Vanquished Creatures
  Kirke (Lair:8)
  The ghost of emiel the Basher, a journeyman CeBe of Trog (Lair:8)
  A merfolk impaler (Lair:6)
  A minotaur (Lab)
  The ghost of DishwasherDemon the Basher, a journeyman OgSk of Okawaru (Lair:2)
  Erolcha (D:8)
  A centaur warrior (D:8)
  6 hydras
  3 death yaks (Lair:8)
  Urug (Lair:1)
  Nergalle (Lair:1)
  An unseen horror (D:11)
  Pikel (D:4)
  6 hill giants
  2 griffons
  2 cyclopes
  12 elephants
  2 oklob plants (Lair:6)
  A water nymph (Shoals:1)
  A black mamba (Lair:2)
  A manticore (Lair:6)
  3 fauns (Shoals:1)
  A siren (Shoals:1)
  Psyche (D:8)
  A gargoyle (D:10)
  2 centaur skeletons
  An ancient zyme (Abyss:1)
  6 spiny frogs
  5 komodo dragons
  A spriggan druid (Lair:8)
  A merfolk (Shoals:1)
  6 polar bears
  Prince Ribbit (D:9)
  A minotaur skeleton (Lab)
  3 slime creatures (Abyss:1)
  A wind drake (Shoals:1)
  2 trolls
  4 blink frogs (Lair:8)
  Sigmund (D:4)
  3 deep elf magi
  5 redbacks (Lair:8)
  9 spriggans (Lair:8)
  3 trapdoor spiders
  A water elemental (Shoals:1)
  4 hogs (Lair:8)
  A wyvern (Lair:8)
  A wraith (D:8)
  7 basilisks
  A human (D:8)
  4 hungry ghosts
  Grum (D:8)
  A soldier ant (D:8)
  A vampire mosquito (D:8)
  30 yaks
  A steam dragon (D:10)
  10 hippogriffs
  23 wolves
  14 water moccasins
  3 orc warriors
  9 porcupines
  8 spiders (Lair:5)
  An eye of draining (D:11)
  2 slaves (D:4)
  3 black bears
  A phantom (D:9)
  6 centaurs
  A wasp (Lair:8)
  A sky beast (D:11)
  3 ice beasts
  10 crocodiles
  4 big kobolds
  6 ogres
  15 giant frogs
  7 scorpions
  3 small abominations (Abyss:1)
  A troll skeleton (Lab)
  A quasit (D:7)
  7 killer bees
  4 crimson imps
  8 hounds
  An electric eel (Lair:7)
  2 giant frog zombies
  11 orc priests
  A gnoll shaman (D:9)
  5 iguanas
  A centaur zombie (D:4)
  6 jellies
  4 giant frog skeletons
  12 orc wizards
  5 worker ants
  17 sheep
  A hound zombie (D:9)
  4 gnolls
  A hound skeleton (D:10)
  12 adders
  A worker ant zombie (D:11)
  42 river rats
  6 shadow imps
  2 oozes
  An adder zombie (D:6)
  3 worms
  4 giant geckos
  43 orcs
  2 ball pythons
  7 giant cockroaches
  10 hobgoblins
  27 kobolds
  3 quokkas
  6 bats
  9 giant newts
  7 goblins
  4 jackals
  18 rats
  A bush (D:5)
  12 fungi
  5 plants
608 creatures vanquished.

Vanquished Creatures (collateral kills)
  A hydra (Lair:7)
  A tengu warrior (D:8)
  An unseen horror (D:8)
  An ugly thing (D:8)
  An elephant (Lair:8)
  A yak (Lair:8)
  A black bear (Lair:8)
  A worker ant (D:8)
  A bush (Lair:1)
9 creatures vanquished.

Vanquished Creatures (others)
  A human (Lair:8)
  A crimson imp (D:4)
  23 fungi
  24 plants
49 creatures vanquished.

Grand Total: 666 creatures vanquished

Notes
Turn   | Place    | Note
--------------------------------------------------------------
     0 | D:1      | JustSomeDude the Demonspawn Gladiator began the quest for the Orb.
     0 | D:1      | Reached XP level 1. HP: 16/16 MP: 1/1
   466 | D:1      | Reached skill level 3 in Polearms
   476 | D:1      | Gained mutation: You have a pair of small horns on your head. [demonic ancestry]
   476 | D:1      | Reached XP level 2. HP: 22/22 MP: 2/2
   825 | D:2      | Gained mutation: You are partially covered in sharp spines. [demonic ancestry]
   825 | D:2      | Reached XP level 3. HP: 3/27 MP: 3/3
   994 | D:2      | Reached skill level 1 in Armour
  1505 | D:2      | Gained mutation: You are partially covered in rough black scales (AC +4, Dex -1). [demonic ancestry]
  1505 | D:2      | Reached XP level 4. HP: 34/34 MP: 4/4
  1767 | D:3      | Found a glowing silver altar of Zin.
  1815 | D:3      | Reached skill level 1 in Shields
  1964 | D:3      | Reached XP level 5. HP: 35/39 MP: 5/5
  2288 | D:4      | Reached XP level 6. HP: 43/46 MP: 6/6
  2362 | D:4      | Noticed a slave
  2363 | D:4      | Noticed a slave
  2375 | D:4      | Noticed Pikel
  2380 | D:4      | Noticed a slave
  2391 | D:4      | Noticed a slave
  2394 | D:4      | Killed Pikel
  2394 | D:4      | Reached skill level 4 in Polearms
  2394 | D:4      | Reached XP level 7. HP: 15/53 MP: 7/7
  2399 | D:4      | Killed a freed slave
  2407 | D:4      | Killed a freed slave
  2890 | D:4      | Noticed Sigmund
  2900 | D:4      | Killed Sigmund
  3086 | D:5      | Entered Level 5 of the Dungeon
  3102 | D:5      | Reached XP level 8. HP: 59/61 MP: 8/8
  3355 | D:5      | Found a white marble altar of Elyvilon.
  3360 | D:5      | Reached skill level 5 in Shields
  3529 | D:5      | Reached skill level 5 in Polearms
  3743 | D:5      | Found a staircase to the Ecumenical Temple.
  3893 | D:6      | Found a glowing silver altar of Zin.
  3904 | D:6      | Found Tunu's Distillery.
  3907 | D:6      | Bought a potion of heal wounds for 60 gold pieces
  3937 | D:6      | Noticed an angel
  3938 | D:6      | Found a runed door.
  4332 | D:6      | Reached skill level 5 in Fighting
  4748 | D:7      | Gained mutation: Your magical capacity is low (-10% MP). [potion of mutation]
  4748 | D:7      | Gained mutation: You are frail (-10% HP). [potion of mutation]
  4748 | D:7      | Gained mutation: Your system is resistant to poisons. [potion of mutation]
  4773 | D:7      | Reached XP level 9. HP: 17/61 MP: 8/8
  5055 | D:7      | Reached skill level 6 in Shields
  5961 | D:8      | Noticed Grum
  5992 | D:8      | Killed Grum
  5992 | D:8      | Reached skill level 7 in Shields
  5999 | D:8      | Reached skill level 5 in Armour
  6287 | D:8      | Noticed Prince Ribbit
  6291 | D:8      | Noticed Erolcha
  6295 | D:9      | Found a sacrificial altar of Ru.
  6298 | D:9      | Killed Prince Ribbit
  6324 | D:8      | Noticed Psyche
  6417 | D:8      | Noticed a white ugly thing
  6427 | D:8      | Noticed a tengu warrior
  6459 | D:8      | Killed Psyche
  6459 | D:8      | Reached skill level 5 in Dodging
  6459 | D:8      | Reached skill level 8 in Shields
  6459 | D:8      | Gained mutation: You sometimes gain a little power by taking damage. [demonic ancestry]
  6459 | D:8      | Reached XP level 10. HP: 55/68 MP: 9/9
  6537 | D:8      | Noticed a centaur warrior
  6567 | D:8      | Cast into the Abyss (Erolcha)
  6567 | Abyss:1  | Found a corrupted altar of Lugonu.
  6582 | Abyss:1  | Found a stormy altar of Qazlal.
  6775 | Abyss:1  | Noticed a tentacled starspawn
  6825 | D:8      | Escaped the Abyss
  6828 | D:8      | Killed Erolcha
  7585 | D:9      | Reached skill level 9 in Shields
  7774 | D:9      | Found a snail-covered altar of Cheibriados.
  8104 | D:9      | Found a burning altar of Makhleb.
  8105 | D:9      | Found a sacrificial altar of Ru.
  8313 | D:10     | Entered Level 10 of the Dungeon
  8319 | D:10     | Noticed a cyclops
  8325 | D:10     | Noticed a hill giant
  8351 | D:9      | Got an ebony quarterstaff
  8363 | D:9      | Identified the +8 quarterstaff of Utodazeu {venom, rPois rC++ Str+4 Dex+4} (You found it on level 9 of the Dungeon)
  8626 | D:10     | Killed a cyclops
  8626 | D:10     | Gained mutation: You have a pair of horns on your head. [demonic ancestry]
  8626 | D:10     | Reached XP level 11. HP: 66/74 MP: 10/10
  8671 | D:10     | Noticed a hill giant
  8704 | D:10     | Killed a hill giant
  8704 | D:10     | Reached skill level 1 in Stealth
  8927 | D:10     | Noticed a hill giant
  8957 | D:10     | Killed a hill giant
  9619 | D:10     | Killed a hill giant
 10526 | D:11     | Found Xyarche's Book Boutique.
 10557 | D:11     | Noticed a hill giant
 10568 | D:11     | Killed a hill giant
 10568 | D:11     | Reached skill level 10 in Shields
 10811 | D:11     | Killed an unseen horror
 11094 | D:11     | Noticed a four-headed hydra
 11110 | D:11     | Killed a four-headed hydra
 11177 | D:11     | Noticed a hill giant
 11189 | D:11     | Killed a hill giant
 11493 | D:11     | Gained mutation: You have large cloven feet. [mutagenic meat]
 11495 | D:11     | Gained mutation: You are clumsy. (Dex -2) [mutagenic meat]
 11496 | D:11     | Gained mutation: You possess an exceptional clarity of mind. [mutagenic meat]
 11619 | D:11     | Found a staircase to the Lair.
 11979 | D:11     | Noticed a hill giant
 11992 | D:11     | Killed a hill giant
 11992 | D:11     | Gained mutation: You have a pair of large horns on your head. [demonic ancestry]
 11992 | D:11     | Reached XP level 12. HP: 26/82 MP: 11/11
 12442 | Lair:1   | Entered Level 1 of the Lair of Beasts
 12442 | Lair:1   | Noticed Nergalle
 12476 | Lair:1   | Killed Nergalle
 13331 | Lair:1   | Reached skill level 11 in Shields
 14264 | Lair:1   | Noticed Urug
 14297 | Lair:1   | Killed Urug
 14757 | Lair:1   | Lost mutation: You have large cloven feet. [potion of cure mutation]
 14757 | Lair:1   | Lost mutation: You are clumsy. (Dex -2) [potion of cure mutation]
 14757 | Lair:1   | Lost mutation: You are frail (-10% HP). [potion of cure mutation]
 14757 | Lair:1   | Lost mutation: Your magical capacity is low (-10% MP). [potion of cure mutation]
 14757 | Lair:1   | Lost mutation: You possess an exceptional clarity of mind. [potion of cure mutation]
 14757 | Lair:1   | Lost mutation: Your system is resistant to poisons. [potion of cure mutation]
 15115 | D:8      | Killed a white ugly thing
 15116 | D:8      | Killed an unseen horror
 15119 | D:8      | Reached skill level 1 in Evocations
 15129 | D:8      | Killed a tengu warrior
 15194 | D:8      | Killed a centaur warrior
 15530 | D:8      | Identified Roxanne's Reference Book on Transmutation and the Rocks
 15568 | D:8      | Got a brightly glowing broad axe
 15569 | D:8      | Identified the +9 broad axe "Ocywnem" {freeze, *Drain +Inv rN+ Int+2} (You found it on level 8 of the Dungeon)
 15680 | Lair:2   | Noticed DishwasherDemon's ghost (journeyman OgSk)
 15688 | Lair:2   | Killed DishwasherDemon's ghost
 15838 | Lair:2   | Reached skill level 1 in Axes
 16178 | Lair:3   | Gained mutation: You sometimes gain power by taking damage. [demonic ancestry]
 16178 | Lair:3   | Reached XP level 13. HP: 101/101 MP: 13/13
 16430 | Lair:3   | Got an encrusted fire dragon armour
 16431 | Lair:3   | Identified the +3 fire dragon armour "Teeloqav" {rF++ rC- rN+ MR+ rCorr Dex+4} (You found it on level 3 of the Lair of Beasts)
 16916 | Lair:3   | Got a warped robe
 16917 | Lair:3   | Identified the +2 robe of Exclusion {rPois Int+2 Slay+2} (You found it on level 3 of the Lair of Beasts)
 18134 | Lair:4   | Got a ripped robe
 18189 | Lair:4   | Identified the +4 robe of Pandemonium {rElec rPois rC- MP+9} (You found it on level 4 of the Lair of Beasts)
 18240 | Lair:5   | Reached skill level 12 in Shields
 18481 | Lair:5   | Got a bronze leather armour
 18482 | Lair:5   | Identified the +1 leather armour of Cahumol {Str+4} (You found it on level 5 of the Lair of Beasts)
 18536 | Lair:6   | Found a labyrinth entrance.
 18545 | Lab      | Entered a labyrinth
 18999 | Lab      | Identified Sophisticated Theurgy (You found it in a labyrinth)
 19220 | Lab      | Learned a level 9 spell: Dragon's Call
 19283 | Lair:6   | Found a staircase to the Slime Pits.
 19444 | Slime:1  | Entered Level 1 of the Pits of Slime
 19444 | Slime:1  | Noticed an acid blob
 19444 | Slime:1  | Noticed an azure jelly
 19444 | Slime:1  | Noticed an acid blob
 19500 | Lair:6   | Found a staircase to the Shoals.
 19514 | Shoals:1 | Entered Level 1 of the Shoals
 19582 | Shoals:1 | Reached skill level 1 in Summonings
 19586 | Shoals:1 | Reached skill level 1 in Spellcasting
 20444 | Lair:5   | Found a hole to the Spider Nest.
 21461 | Lair:6   | Reached skill level 5 in Axes
 22376 | Lair:8   | Entered Level 8 of the Lair of Beasts
 22500 | Lair:7   | Gained mutation: Your flesh is heat resistant. [demonic ancestry]
 22500 | Lair:7   | Reached XP level 14. HP: 92/109 MP: 17/17
 24094 | Lair:8   | Noticed emiel's ghost (journeyman CeBe)
 24108 | Lair:8   | Killed emiel's ghost
 24433 | Lair:8   | Noticed Kirke
 24447 | Lair:8   | Killed Kirke
 24447 | Lair:8   | Reached skill level 10 in Fighting
 24557 | Lair:8   | HP: 5/110 [something (3)]
 24605 | Lair:8   | HP: 3/110 [something (16)]
 24605 | Lair:8   | Slain by a spriggan rider

Action                   |  1- 3 |  4- 6 |  7- 9 | 10-12 | 13-15 || total
-------------------------+-------+-------+-------+-------+-------++-------
Melee: Trident           |   119 |   122 |   484 |  1088 |       ||  1813
       Broad axe         |       |       |       |    20 |   523 ||   543
Throw: Throwing net      |       |       |       |    14 |       ||    14
       Tomahawk          |       |       |       |     4 |    22 ||    26
       Javelin           |       |       |       |     6 |    13 ||    19
Evoke: Wand              |       |       |       |     7 |    32 ||    39
       Lamp of fire      |       |       |       |     1 |     2 ||     3
       Fan of gales      |       |       |       |     1 |     1 ||     2
       Phial of floods   |       |       |       |       |     1 ||     1
  Use: Potion            |     3 |     3 |     9 |    18 |     5 ||    38
       Scroll            |       |       |     1 |    20 |    26 ||    47
 Stab: Held in net/web   |       |       |       |     1 |       ||     1
       Distracted        |       |       |       |     1 |       ||     1
  Eat: Chunk             |     1 |     2 |     2 |    12 |       ||    17
       Meat ration       |       |     1 |     3 |     3 |     4 ||    11
       Beef jerky        |       |       |     1 |     4 |     1 ||     6
       Pizza             |       |       |     1 |     7 |     1 ||     9
       Fruit             |       |       |       |     3 |     3 ||     6
       Bread ration      |       |       |       |     1 |       ||     1
       Royal jelly       |       |       |       |       |     1 ||     1
